 Dungeon Crawl Stone Soup version 0.19.1 (webtiles) character file.

126 Firecrotchwizard the Conjurer (level 4, -3/24 HPs)
             Began as a Deep Elf Conjurer on Dec 9, 2016.
             Slain by an orc
             ... wielding a +0 hand axe
              (7 damage)
             ... on level 3 of the Dungeon.
             The game lasted 00:10:02 (2650 turns).

Firecrotchwizard the Conjurer (Deep Elf Conjurer)   Turns: 2650, Time: 00:10:02

Health: -3/24      AC:  3    Str:  5    XL:     4   Next: 83%
Magic:  0/12       EV: 13    Int: 21    God:
Gold:   88         SH:  3    Dex: 15    Spells: 2 memorised, 8 levels left

rFire  . . .     SeeInvis .     n - +0 spear
rCold  . . .     Gourm    .     a - +0 robe
rNeg   . . .     Faith    .     (no shield)
rPois  .         Spirit   .     (no helmet)
rElec  .         Reflect  +     (no cloak)
rCorr  .         Harm     .     p - +0 pair of gloves
MR     .....                    (no boots)
Stlth  ++........               l - +3 amulet of reflection
                                (no ring)
                                (no ring)

@: no status effects
A: no striking features
a: no special abilities


You were on level 3 of the Dungeon.
You were not hungry.

You visited 1 branch of the dungeon, and saw 3 of its levels.

You collected 88 gold pieces.

Inventory:

Hand Weapons
 h - a +0 dagger
 n - a +0 spear (weapon)
Missiles
 j - 103 stones (quivered)
 u - 5 tomahawks
Armour
 a - a +0 robe (worn)
 p - a +0 pair of gloves (worn)
Jewellery
 l - a +3 amulet of reflection (around neck)
 r - an uncursed amulet of the gourmand {unknown}
Scrolls
 d - 2 scrolls of identify {unknown}
 f - a scroll of immolation {unknown}
 i - 5 scrolls of teleportation {unknown}
 k - 2 scrolls of enchant armour {unknown}
 o - a scroll of amnesia {unknown}
 s - a scroll of recharging {unknown}
 t - a scroll of enchant weapon {unknown}
Potions
 e - 2 potions of curing {unknown}
 g - 2 potions of heal wounds {unknown}
 q - a potion of berserk rage {unknown}
Books
 b - a book of Conjurations

   Spells                             Type                      Level
   a - Magic Dart                     Conjuration                  1
   b - Searing Ray                    Conjuration                  2
   c - Dazzling Spray                 Conjuration/Hexes            3
   d - Fulminant Prism                Conjuration/Hexes            4
   e - Iskenderun's Mystic Blast      Conjuration                  4
   f - Iskenderun's Battlesphere      Conjuration/Charms           5
Comestibles
 c - a bread ration
 m - a royal jelly


   Skills:
 + Level 3.3 Dodging
 + Level 3.5 Stealth
 + Level 4.2 Spellcasting
 * Level 5.5 Conjurations


You had 8 spell levels left.
You knew the following spells:

 Your Spells              Type           Power        Failure   Level  Hunger
a - Magic Dart            Conj           ####         1%          1    None
b - Searing Ray           Conj           ####..       1%          2    #......


Dungeon Overview and Level Annotations

Branches:
Dungeon (3/15)

Altars:
Elyvilon


Message History

Casting: Magic Dart
Confirm with . or Enter, or press ? or * to list all spells.
Aiming: Magic Dart
Press: ? - help, Shift-Dir - straight line, f - orc
Aim: an orc, wielding a hand axe and wearing a leather armour The magic dart hits the orc.
The orc is lightly wounded.
You barely miss the orc. The orc closely misses you.
You hit the orc but do no damage. The orc barely misses you.
You hit the orc but do no damage. The orc hits you with a hand axe.
* * * LOW HITPOINT WARNING * * *
You hit the orc but do no damage. The orc misses you.
You hit the orc but do no damage. You block the orc's attack.
Casting: Magic Dart
Confirm with . or Enter, or press ? or * to list all spells.
Aiming: Magic Dart
Press: ? - help, Shift-Dir - straight line, f/p - orc
Aim: an orc, wielding a hand axe and wearing a leather armour The magic dart hits the orc.
The orc hits you with a hand axe!
You die...

#####.......#
.... ###....##.#
.... ##......##
####
##..........#
#####..#.#....#..
#.....##.####....
#.....##.# .##.
#.#.....##.# .
#....†o@#..# .
##.##)###.## #.
#.# #....# ###..#
)... ...††
$...).. o.......


You could see an orc.

Vanquished Creatures
  An orc wizard (D:3)
  3 adders
  A worm (D:3)
  A dart slug (D:1)
  6 orcs (D:3)
  4 giant cockroaches
  6 goblins
  6 hobgoblins
  2 jackals (D:3)
  A ball python (D:3)
  8 bats
  A frilled lizard (D:2)
  7 kobolds
  9 rats
56 creatures vanquished.

Vanquished Creatures (others)
  5 toadstools (D:1)
5 creatures vanquished.

Grand Total: 61 creatures vanquished

Notes
Turn   | Place    | Note
-------+----------+-------------------------------------------
     0 | D:1      | Firecrotchwizard the Deep Elf Conjurer began the quest for the Orb.
     0 | D:1      | Reached XP level 1. HP: 10/10 MP: 6/6
   333 | D:1      | Reached XP level 2. HP: 2/15 MP: 4/8
   666 | D:1      | Learned a level 2 spell: Searing Ray
  1212 | D:2      | Reached XP level 3. HP: 19/19 MP: 2/10
  1614 | D:2      | Reached skill level 5 in Conjurations
  2337 | D:3      | Found a white marble altar of Elyvilon.
  2474 | D:3      | Reached XP level 4. HP: 24/24 MP: 7/11
  2650 | D:3      | Slain by an orc

Skill      XL: |  1  2  3  4 |
---------------+-------------+-----
Dodging        | 3 |  3.3
Conjurations   | 5 |  5.5
Stealth        | 3 |  3.5
Spellcasting   | 4 |  4.2

Action                   |  1- 3 |  4- 6 || total
-------------------------+-------+-------++-------
Melee: Dagger            |    17 |       ||    17
       Unarmed           |     1 |       ||     1
       Spear             |     6 |    14 ||    20
 Cast: Magic Dart        |    77 |    26 ||   103
       Searing Ray       |     2 |       ||     2
 Stab: Sleeping          |     1 |       ||     1
  Eat: Chunk             |     5 |       ||     5
Armor: Robe              |    12 |       ||    12
Dodge: Dodged            |    23 |     6 ||    29
Block: Other             |     2 |     2 ||     4
       Reflection        |       |     1 ||     1
